 Dungeon Sprint DCSS version 0.30-a0-591-g3c58d2bc28 (webtiles) character file.

Game seed: 10610933474932540134

4687 NinjaNoafa the Thaumaturge (level 10, 18/84 HPs)
             Began as a Djinni Conjurer on Jan 5, 2023.
             Was a High Priest of Cheibriados.
             Quit the game in the Dungeon (Sprint IX: "|||||||||||||||||||||||||||||").
             The game lasted 00:09:16 (865 turns).

NinjaNoafa the Thaumaturge (Djinni Conjurer)         Turns: 865, Time: 00:09:16

Health: 18/84      AC: 12    Str: 20    XL:     10   Next: 72%
Gold:   11         EV: 21    Int: 41    God:    Cheibriados [*****.] SH:  0 Dex: 26

rFire   + + .      SeeInvis .    i - +2 halberd (venom)
rCold   x . .      Faith    .    (shield currently unavailable)
rNeg    . . .      Spirit   .    m - +4 troll leather armour
rPois   ∞          Reflect  .    j - +0 helmet
rElec   .          Harm     .    (no cloak)
rCorr   .          Rampage  .    (no gloves)
Will    +....      NoTele   +    (boots unavailable)
Stlth   ++                       (no amulet)
HPRegen 1.14/turn                k - +3 ring of intelligence
MPRegen 0.00/turn                l - +2 ring of protection

@: flying, very slow
A: sickness immunity, fire resistance 2, cold vulnerability 1, float, innate
caster, HP casting, extra vitality 1
a: Renounce Religion, Bend Time, Temporal Distortion, Slouch, Step From Time


You were in the Dungeon.
You worshipped Cheibriados.
Cheibriados was extremely pleased with you.
You visited 1 branch You collected 11 gold pieces.

Inventory:

Hand Weapons
 i - a +2 halberd of venom (weapon)
Armour
 j - a +0 helmet (worn)
 m - a +4 troll leather armour (worn)
Jewellery
 k - a +3 ring of intelligence (left hand)
 l - a +2 ring of protection (right hand)
Wands
 h - a wand of iceblast (10)
Scrolls
 p - 2 scrolls of fog
 q - a scroll of identify
Potions
 a - a potion of brilliance
 b - 5 potions of magic
 c - 10 potions of curing
 e - a potion of haste
 f - a potion of invisibility


   Skills:
 + Level 12.0 Fighting
 + Level 6.9 Armour
 - Level 10.0 Dodging
 - Level 1.5 Stealth
 + Level 12.2 Spellcasting
 + Level 7.0 Invocations
 + Level 7.0 Evocations


You had 10 spell levels left.
You knew the following spells:

 Your Spells              Type           Power      Damage    Failure   Level
a - Magic Dart            Conj           100%       1d8       0%          1
b - Searing Ray           Conj           100%       2d8       0%          2
c - Dazzling Flash        Conj/Hex       100%       N/A       1%          3
d - Fulminant Prism       Conj/Hex       45%        3d21      1%          4
e - Iskenderun's Mystic   Conj/Tloc      90%        2d18      1%          4
f - Apportation           Tloc           100%       N/A       0%          1
g - Passwall              Tmut/Erth      75%        N/A       0%          2
h - Inner Flame           Hex/Fire       90%        N/A       1%          3
i - Summon Guardian Gole  Hex/Summ       90%        N/A       1%          3
Your spell library was empty.

Dungeon Overview and Level Annotations

Branches:
Dungeon (1/1)

Altars:
Cheibriados
Dithmenos
Elyvilon
Fedhas
Gozag
Hepliaklqana
Makhleb
Nemelex Xobeh
Okawaru
Qazlal
Ru
Trog
Uskayaw
Wu Jian
Xom
Yredelemnul
Zin
The Shining One
Jiyva
Lugonu


Innate Abilities, Weirdness & Mutations

You are immune to sickness and miasma.
You are immune to poison.
Your flesh is very heat resistant. (rF++)
You are vulnerable to cold. (rC-)
You float through the air rather than walking.
You learn spells naturally, not from books.
Your magical power is your life essence.
You have superior vitality. (+4 MHP)


Message History

The black mamba is engulfed in blazing flames.
Flame seeps out of the black mamba.
Casting: Magic Dart (safe; 0% risk of failure)
Confirm with . or Enter, or press ? or * to list all spells.
Aiming: Searing Ray (safe; 0% risk of failure)
Press: ? - help, Shift-Dir - straight line, f/p - black mamba
Aim: a black mamba (almost dead, inner flame, 72% to hit)
The searing ray hits the black mamba.
Flame seeps out of the black mamba.
The black mamba is almost dead.
The searing ray hits the yak!
The yak is severely wounded. (Press . to maintain the ray.)
The black mamba is engulfed in blazing flames.
Cheibriados thoroughly appreciates the change of pace.
Cheibriados raises the support of your attributes as your movement slows.
The black mamba explodes!
The fiery explosion engulfs you. You resist.
Your Fighting skill increases to level 12!
Your Invocations skill increases to level 7!
Your Evocations skill increases to level 7!
Unknown command.
You reach down and open the door.
A rime drake, 2 snakes, a six-headed hydra and 2 cane toads come into view.
You are engulfed in blazing flames.
You resist.
* * * LOW HITPOINT WARNING * * *
The cane toad croaks.
The cane toad gives a loud, deep croak!
The six-headed hydra roars!
The black mamba hisses angrily.
You hear an angry hiss.
You are engulfed in blazing flames.
You resist.
* * * LOW HITPOINT WARNING * * *
The water moccasin hisses angrily.
The cane toad is engulfed in blazing flames.
The cane toad closely misses you.
Really fly into that cloud of flame? [Y]es or [N]o only, please.
Really fly into that cloud of flame?
Okay, then.
Unknown command.
Okay, then.
Are you sure you want to abandon this character and quit the game? (Confirm with "yes".)

▓▓▓▓▓▓▓▓▓▓▓▓▓▓▓▓▓▓▓▓▓▓▓▓▓
kS.SF.DF@§Y††...'SY.†.YFS
▓▓▓▓▓▓▓▓▓▓▓▓▓▓▓▓▓▓▓▓▓▓▓▓▓▓▓▓▓▓▓▓▓
.................................
▓▓▓▓▓▓▓▓▓▓▓▓▓▓▓▓▓▓▓▓▓▓▓▓▓▓▓▓▓▓▓▓▓
.)?['________________________'...
▓▓▓▓▓▓▓▓▓▓▓▓▓▓▓▓▓▓▓▓▓▓▓▓▓▓▓▓▓▓▓▓▓


You could see a six-headed hydra, a black mamba, a yak, 2 cane toads and a water
moccasin.

Vanquished Creatures
  A catoblepas (D)
  2 cyclopes (D)
  A black mamba (D)
  2 unseen horrors (D)
  A komodo dragon (D)
  2 trolls (D)
  2 wraiths (D)
  A wyvern (D)
  An acid dragon (D)
  An orc warrior (D)
  A phantom (D)
  A bullfrog (D)
  A necrophage (D)
  A howler monkey (D)
  A hound (D)
  An adder (D)
  An endoplasm (D)
  A hobgoblin (D)
  2 ball pythons (D)
  A bat (D)
25 creatures vanquished.

Vanquished Creatures (others)
  A centaur warrior (D)
  A gargoyle (D)
  A water moccasin (D)
  3 fulminant prisms (D)
6 creatures vanquished.

Grand Total: 31 creatures vanquished

Notes
Turn   | Place    | Note
-------+----------+-------------------------------------------
     0 | D        | NinjaNoafa the Djinni Conjurer began the quest for the Orb.
     0 | D        | NinjaNoafa set off with the following spells memorised:
                  | Magic Dart, Searing Ray, Dazzling Flash, Fulminant Prism,
                  | Iskenderun's Mystic Blast.
     0 | D        | Reached XP level 1. HP: 15/15 MP: 0/0
     7 | D        | Reached skill level 1 in Fighting
    85 | D        | Noticed a necrophage
    85 | D        | Noticed a hound
    85 | D        | Noticed a phantom
    85 | D        | Noticed a howler monkey
    92 | D        | Killed a howler monkey
    93 | D        | Reached skill level 5 in Spellcasting
    93 | D        | Reached XP level 2. HP: 25/25 MP: 0/0
    93 | D        | Reached XP level 3. HP: 30/30 MP: 0/0
    93 | D        | Learned a level 1 spell: Apportation
    98 | D        | Reached XP level 4. HP: 25/38 MP: 0/0
    98 | D        | Killed a phantom
    99 | D        | Reached skill level 5 in Fighting
    99 | D        | Reached XP level 5. HP: 26/45 MP: 0/0
    99 | D        | Learned a level 2 spell: Passwall
   103 | D        | Reached XP level 6. HP: 25/51 MP: 0/0
   197 | D        | Found a snail-covered altar of Cheibriados.
   197 | D        | Found a shadowy altar of Dithmenos.
   197 | D        | Found a white marble altar of Elyvilon.
   197 | D        | Found a blossoming altar of Fedhas.
   197 | D        | Found an opulent altar of Gozag.
   198 | D        | Found a hazy altar of Hepliaklqana.
   199 | D        | Found a viscous altar of Jiyva.
   201 | D        | Found a corrupted altar of Lugonu.
   202 | D        | Found a burning altar of Makhleb.
   203 | D        | Found a sparkling altar of Nemelex Xobeh.
   204 | D        | Found an iron altar of Okawaru.
   205 | D        | Found a stormy altar of Qazlal.
   206 | D        | Found a sacrificial altar of Ru.
   208 | D        | Found a bloodstained altar of Trog.
   209 | D        | Found a hide-covered altar of Uskayaw.
   211 | D        | Found an ornate altar of the Wu Jian Council.
   212 | D        | Found a shimmering altar of Xom.
   213 | D        | Found a basalt altar of Yredelemnul.
   214 | D        | Found a glowing silver altar of Zin.
   233 | D        | Became a worshipper of Cheibriados the Contemplative
   248 | D        | Found a glowing golden altar of the Shining One.
   286 | D        | Noticed a wraith
   286 | D        | Noticed a wraith
   286 | D        | Noticed an orc warrior
   286 | D        | Noticed an acid dragon
   286 | D        | Noticed a troll
   301 | D        | Killed a troll
   302 | D        | Reached XP level 7. HP: 40/58 MP: 0/0
   302 | D        | Learned a level 3 spell: Inner Flame
   303 | D        | Killed an acid dragon
   303 | D        | Reached * piety under Cheibriados
   310 | D        | Killed a wraith
   310 | D        | Reached ** piety under Cheibriados
   311 | D        | Reached skill level 10 in Spellcasting
   311 | D        | Reached XP level 8. HP: 41/67 MP: 0/0
   311 | D        | Killed an unseen horror
   316 | D        | Killed a wraith
   316 | D        | Reached *** piety under Cheibriados
   509 | D        | Noticed a centaur warrior
   509 | D        | Noticed a gargoyle
   509 | D        | Noticed a cyclops
   509 | D        | Noticed a cyclops
   509 | D        | Noticed a troll
   512 | D        | Killed a cyclops
   512 | D        | Killed a troll
   512 | D        | Killed an unseen horror
   512 | D        | Reached **** piety under Cheibriados
   513 | D        | Reached skill level 10 in Fighting
   513 | D        | Reached XP level 9. HP: 50/75 MP: 0/0
   513 | D        | Learned a level 3 spell: Summon Guardian Golem
   523 | D        | Killed a cyclops
   543 | D        | Killed a gargoyle
   544 | D        | Reached skill level 10 in Dodging
   554 | D        | Killed a centaur warrior
   554 | D        | Reached ***** piety under Cheibriados
   555 | D        | Reached skill level 5 in Armour
   555 | D        | Reached skill level 5 in Invocations
   555 | D        | Reached skill level 5 in Evocations
   555 | D        | Reached XP level 10. HP: 45/83 MP: 0/0
   705 | D        | Noticed a catoblepas
   705 | D        | Noticed a komodo dragon
   705 | D        | Noticed a komodo dragon
   707 | D        | Noticed a black mamba
   749 | D        | Killed a komodo dragon
   847 | D        | Killed a catoblepas
   862 | D        | Killed a black mamba
   863 | D        | Noticed a rime drake
   863 | D        | Noticed a black mamba
   863 | D        | Noticed a six-headed hydra
   863 | D        | Noticed a cane toad
   863 | D        | Noticed a cane toad
   865 | D        | Quit the game

Illustrated notes

Levels and vault maps discovered:
D:        linesprint [early_d, line_temple, items_1, d_10, items_2, lair_1,
          lair_end, items_3, orc_1, orc_end, items_4, d_15, swamp_1, shoals_1,
          snake_1, spider_1, d_20, vaults_1, items_5, swamp_end, shoals_end,
          snake_end, spider_end, vaults_end, d_27, items_6, zot_1, zot_end,
          crypt_end, forest_end, elf_end, slime_end, tomb_end, abyss_end,
          pan_hell_end]

Skill      XL: |  1  2  3  4  5  6  7  8  9 10 |
---------------+-------------------------------+-----
Fighting       | 3 4 5 6 7 8 10 11 12 | 12.0
Spellcasting   | 5 6 7 9 10 11 12 | 12.2
Dodging        | 3 6 7 9 10 | 10.0
Armour         | 3 5 6 |  6.9
Invocations    | 3 5 7 |  7.0
Evocations     | 3 5 7 |  7.0
Stealth        | |  1.5

Action                   |  1- 3 |  4- 6 |  7- 9 | 10-12 || total
-------------------------+-------+-------+-------+-------++-------
Melee: Unarmed           |     7 |       |       |       ||     7
       Punch             |     1 |       |       |       ||     1
       Halberd           |       |       |       |     3 ||     3
 Cast: Magic Dart        |     9 |       |     1 |     5 ||    15
       Searing Ray       |     1 |     2 |     4 |     6 ||    13
       Iskenderun's Myst |       |     3 |       |     1 ||     4
       Fulminant Prism   |       |     3 |       |       ||     3
       Inner Flame       |       |       |     4 |     3 ||     7
       Summon Guardian G |       |       |     5 |     4 ||     9
Invok: Step From Time    |       |       |       |     1 ||     1
       Temporal Distorti |       |       |       |     1 ||     1
  Use: Potion            |     1 |     1 |     1 |     3 ||     6
       Scroll            |       |     1 |       |     8 ||     9
 Stab: Petrified         |       |       |       |     3 ||     3
Armor: Robe              |     4 |     2 |     1 |       ||     7
       Troll leather arm |       |       |       |    16 ||    16
Dodge: Dodged            |    14 |     3 |     8 |    17 ||    42

Table legend: (Time is in decaauts)
 A = Elapsed time spent in this place.
 B = Non-inter-level travel time spent in this place.
 C = Inter-level travel time spent in this place.
 D = Time resting spent in this place.
 E = Time spent auto-exploring this place.
 F = Levels seen in this place.
 G = Mean time per level.
                   A        B        C        D        E       F      G
               +--------+--------+--------+--------+--------+-----+--------+
         Total |   1011 |   1011 |      0 |      0 |    597 |   1 | 1011.0 |
       Dungeon |   1011 |   1011 |      0 |      0 |    597 |   1 | 1011.0 |
               +--------+--------+--------+--------+--------+-----+--------+

Top non-repeatable levels by time:
       D: 1011 daAuts
